AoeStats
← Jazzmushroom

Black Forest

508880435Analyzed
4v4 RM · 7d ago on Sep 24, 2026· 41m 46s· 8 players
Game mode
Random Map
Map size
Large (8 player)
Population
200
Speed
Normal
Resources
Standard
Victory
Conquest
Starting age
Dark Age
Ending age
Imperial Age
RankedLock teamsTeams togetherTeam positionsShared explorationLock speedFull tech treeHidden civsTurbo modeCheats
Victory
Defeat
🇩🇪 Khmer · Germany
1311
+16
🇨🇴 Slavs · Colombia
1280
+18
🇺🇸 Varangians · United States
1268
+18
🇸🇰 Bulgarians · Slovakia
1215
+20
🇦🇷 Saxons · Argentina
1466
-24
🇨🇳 Khmer · China
1320
-18
🇺🇾 Persians · Uruguay
1275
-17
🇨🇳 Burgundians · China
1201
-13
Jazzmushroom
10:38 Feudal Age
14:51 Castle Age
12:52 Double-Bit Axe
13:03 Horse Collar
18:22 Bow Saw
20:03 Wheelbarrow
24:22 Loom
25:17 Heavy Plow
27:53 Imperial Age
26:17 Gambesons
26:33 Squires
26:20 Arson
26:37 Scale Mail Armor
26:48 Forging
27:48 Hand Cart
27:25 Gold Mining
27:27 Stone Mining
29:16 Chain Mail Armor
29:38 Iron Casting
28:36 Elite Varangian Guard
31:44 Blast Furnace
34:45 Coinage
35:02 Town Watch
35:59 Banking
39:41 Plate Mail Armor
39:03 Fletching
38:38 Capped Ram
40:41 Two-Man Saw
40:40 Siege Ram
EULight
0:35 Loom
11:36 Feudal Age
12:26 Double-Bit Axe
13:58 Forging
15:46 Horse Collar
21:33 Castle Age
21:54 Wheelbarrow
22:30 Bow Saw
22:37 Heavy Plow
22:46 Fletching
23:33 Iron Casting
23:01 Scale Mail Armor
23:08 Scale Barding Armor
24:58 Chain Mail Armor
26:07 Ballistics
27:10 Squires
26:56 Gambesons
27:51 Chain Barding Armor
32:02 Bodkin Arrow
36:17 Imperial Age
34:58 Stirrups
36:39 Elite Konnik
37:41 Conscription
37:36 Gold Mining
39:18 Blast Furnace
38:54 Plate Barding Armor
38:50 Plate Mail Armor
38:54 Bagains
39:44 Crop Rotation
39:17 Bracer
40:27 Hand Cart
Bohemio_Antisemilla
11:41 Feudal Age
16:13 Castle Age
14:23 Double-Bit Axe
14:29 Gold Mining
14:20 Horse Collar
16:49 Loom
16:50 Town Watch
19:50 Bow Saw
22:57 Fletching
24:55 Stone Mining
25:58 Scale Mail Armor
26:08 Forging
26:35 Wheelbarrow
26:10 Pikeman
26:51 Squires
28:43 Chain Mail Armor
29:03 Iron Casting
Sir_HaXaLoT.exe
12:24 Feudal Age
13:45 Loom
16:37 Castle Age
15:31 Double-Bit Axe
15:29 Horse Collar
16:21 Bloodlines
16:52 Forging
17:47 Scale Barding Armor
88098560
1:03 Loom
12:24 Feudal Age
17:45 Fletching
18:16 Scale Mail Armor
21:10 Double-Bit Axe
21:22 Gold Mining
24:30 Castle Age
23:03 Padded Archer Armor
25:18 Scale Barding Armor
27:13 Leather Archer Armor
29:27 Chain Barding Armor
31:55 Bodkin Arrow
36:55 Man-at-Arms
38:51 Pikeman
41:05 Wheelbarrow
40:13 Horse Collar
DGHIR | Miloss
0:26 Loom
11:34 Feudal Age
11:42 Man-at-Arms
13:15 Double-Bit Axe
14:14 Arson
16:29 Town Watch
27:02 Horse Collar
28:01 Wheelbarrow
29:32 Fletching
34:24 Castle Age
32:21 Gold Mining
32:47 Scale Mail Armor
32:57 Forging
38:11 Hand Cart
38:07 Bodkin Arrow
DGHIR | Kiro
10:53 Feudal Age
15:13 Castle Age
13:05 Double-Bit Axe
15:38 Horse Collar
16:55 Loom
19:36 Bow Saw
21:06 Scale Barding Armor
22:53 Bloodlines
24:13 Wheelbarrow
25:02 Chain Barding Armor
26:19 Husbandry
28:42 Forging
29:00 Hand Cart
34:14 Imperial Age
33:31 Iron Casting
33:44 Heavy Plow
33:54 Cavalier
35:11 Plate Barding Armor
34:36 Gold Mining
36:07 Blast Furnace
37:27 Savar
39:32 Crop Rotation
39:19 Fletching
39:58 Conscription
40:27 Murder Holes
LLK是给
4:59 Double-Bit Axe
8:03 Wheelbarrow
12:04 Feudal Age
11:09 Horse Collar
13:44 Bow Saw
13:42 Heavy Plow
13:39 Loom
16:38 Castle Age
Connection lost

Rejoining the realm…

Still unreachable

The connection could not be restored.

Session expired

The server has moved on; the page needs a fresh start.